AoeStats
← Morgoth_Ak

Arabia

508194716Analyzed
1v1 RM · 11d ago on Sep 21, 2026· 27m 23s· 2 players
Game mode
Random Map
Map size
Tiny (2 player)
Population
200
Speed
Normal
Resources
Standard
Victory
Conquest
Starting age
Dark Age
Ending age
Imperial Age
RankedLock teamsTeams togetherTeam positionsShared explorationLock speedFull tech treeHidden civsTurbo modeCheats
Victory
Defeat
🇧🇪 Romans · Belgium
1104
+17
🇫🇷 Mongols · France
1134
-17
papatheocari
2:25 Loom
10:33 Feudal Age
10:51 Man-at-Arms
13:54 Scale Mail Armor
14:15 Horse Collar
23:58 Castle Age
24:19 Long Swordsman
25:48 Chain Mail Armor
27:00 Forging
Morgoth_Ak
3:01 Loom
9:55 Feudal Age
12:54 Forging
14:21 Double-Bit Axe
18:45 Wheelbarrow
18:51 Horse Collar
25:41 Castle Age
24:05 Fletching
24:15 Padded Archer Armor
24:34 Gold Mining
Connection lost

Rejoining the realm…

Still unreachable

The connection could not be restored.

Session expired

The server has moved on; the page needs a fresh start.